 Dungeon Crawl Stone Soup version 0.31.0-12-g77e489cdc1 (webtiles) character file.

Game seed: 4768947196205332632

2266 lordive the Ruffian (level 9, 0/80 HPs)
             Began as a Troll Shapeshifter on Feb 29, 2024.
             Was a Follower of Okawaru.
             Slain by an orc priest
             ... wielding a +0 whip
              (2 damage)
             ... on level 7 of the Dungeon.
             The game lasted 00:12:09 (5636 turns).

lordive the Ruffian (Troll Shapeshifter)            Turns: 5636, Time: 00:12:10

Health: 0/80       AC:  2    Str: 24    XL:     9   Next: 16%
Magic:  8/9        EV: 14    Int: 10    God:    Okawaru [*.....]
Gold:   370        SH:  0    Dex:  9    Spells: 8/8 levels left

rFire   . .          .
                       - Unarmed
rCold   + . .        (shield currently unavailable)
rNeg    . . .        a - melded +0 animal skin
rPois   .            (helmet restricted)
rElec   .            (no cloak)
rCorr   .            (gloves unavailable)
SInv    .            (boots unavailable)
Will    .....        l - amulet of regeneration
Stlth   +            f - ring of protection from cold
HPRegen 1.93/turn    (no ring)
MPRegen 0.11/turn

%: no passive effects
@: flux-form, glowing
A: glow, contaminating, large, unfitting armour, claws 3, regeneration 1, shaggy
fur 1, tough skin 1
a: Begin Untransformation, Renounce Religion, Heroism


You were on level 7 of the Dungeon.
You worshipped Okawaru.
Okawaru was aware of your devotion.
You were something dangerously unstable.
You visited 1 branch of the dungeon, and saw 7 of its levels.
You also visited: Bailey.

You collected 370 gold pieces.

Inventory:

Armour
 a - a +0 animal skin (melded)
Jewellery
 f - a ring of protection from cold (left claw)
 l - an amulet of regeneration (around neck)
 u - an amulet of faith
 w - an amulet of magic regeneration
Talismans
 c - a beast talisman
 d - a flux talisman (active)
Wands
 p - a wand of flame (10)
 t - a wand of mindburst (9)
Scrolls
 e - 2 scrolls of revelation {unknown}
 k - 2 scrolls of identify
 n - 2 scrolls of vulnerability {unknown}
 o - a scroll of brand weapon {unknown}
 v - a scroll of amnesia {unknown}
Potions
 b - 5 potions of lignification
 g - 2 potions of heal wounds
 h - a potion of curing
 i - 5 potions of brilliance
 j - a potion of degeneration
 m - a potion of enlightenment {unknown}
 q - a potion of might {unknown}
 r - a potion of haste {unknown}
 s - a potion of attraction {unknown}


   Skills:
 * Level 2.7 Fighting
 * Level 4.2 Dodging
 + Level 7.8 Unarmed Combat
 * Level 1.4 Invocations
 * Level 7.7 Shapeshifting


You had 8 spell levels left.
You didn't know any spells.
Your spell library contained the following spells:

 Spells                   Type           Power      Damage    Failure   Level
 Magic Dart               Conj           0%         1d3       36%         1
 Shock                    Conj/Air       0%         1d3       36%         1
 Blink                    Tloc           0%         N/A       50%         2
 Lesser Beckoning         Tloc           0%         N/A       50%         2
 Gell's Gravitas          Tloc           0%         N/A       75%         3
 Swiftness                Air            0%         N/A       75%         3
 Teleport Other           Tloc           0%         N/A       75%         3
 Airstrike                Air            0%         2d(0-16)  98%         4
 Cause Fear               Hex            0%         N/A       98%         4
 Fireball                 Conj/Fire      0%         3d3       100%        5
 Ozocubu's Refrigeration  Ice            0%         4d7       100%        7
 Polar Vortex             Ice            0%         N/A       100%        9
 Call Imp                 Summ           Unusable   N/A       N/A         2
 Sculpt Simulacrum        Ice/Alch       Unusable   N/A       N/A         6
 Dragon's Call            Summ           Unusable   N/A       N/A         9

Dungeon Overview and Level Annotations

Branches:
Dungeon (7/15)             Temple (0/1) D:6          Bailey (visited)

Altars:
Cheibriados
Elyvilon
Gozag
Makhleb
Nemelex Xobeh
Okawaru
Trog
Zin
The Shining One

Shops:
D:2 (   D:6 *

Annotations:
D:4 1 runed translucent door, cdecastro's ghost, novice AtWr
D:5 2 transporters


Innate Abilities, Weirdness & Mutations

You are something dangerously unstable.
You glow with magical radiation, making you easy to see and hit.
Foes you strike become dangerously contaminated with magical radiation.
You are incapable of wielding weapons or throwing items.
You are too large for most types of armour.
You have claws for hands.
Your natural rate of healing is unusually fast.
You are covered in fur. (AC +1)
You have tough skin. (AC +1)


Message History

You struggle to resist.
The orc warrior hits you with a +0 war axe!!
You wake up.
You scratch the orc warrior.
The orc warrior glows dangerously bright.
The orc warrior is severely wounded.
The sleepcap releases spores at you.
You are engulfed in a cloud of soporific spores!
You are unaffected.
The orc hits you with a +0 hand axe.
* * * LOW HITPOINT WARNING * * *
The orc warrior closely misses you. The orc priest misses you.
You claw the orc priest!
The orc priest glows dangerously bright.
The orc priest is heavily wounded.
Unknown command.
You scratch the orc warrior.
The orc warrior shudders as magic cascades through it.
You kill the orc warrior!
Okawaru accepts your kill.
The centaur unwields a +0 shortbow.
The centaur hits you.
* * * LOW HITPOINT WARNING * * *
The centaur misses you. The sleepcap barely misses you.
The orc hits you with a +0 hand axe.
* * * LOW HITPOINT WARNING * * *
The centaur wields a +0 shortbow.
The centaur shoots an arrow.
The arrow barely misses you.
The orc priest mumbles some strange prayers to Beogh against you.
You struggle to resist.
The sleepcap releases spores at you but does no damage.
The orc closely misses you. The orc completely misses you.
The centaur shoots an arrow.
The arrow hits you!
* * * LOW HITPOINT WARNING * * *
You claw the sleepcap!
The sleepcap begins to glow.
The sleepcap is moderately damaged.
The orc hits you with a +0 dagger.
* * * LOW HITPOINT WARNING * * *
The sleepcap barely misses you. The orc hits you with a +0 hand axe.
* * * LOW HITPOINT WARNING * * *
The orc priest hits you with a +0 whip.
You die...

........# ......$.###
###.......# ..+.......#
..#.).....# ..#.).....#
....).....########+#####
.≈≈)≈≈.........of.......
.≈...≈..........po......
.~.∩>~.....>..c)o.......
.≈...≈..................
.≈≈~≈≈..................
........................
........................
...###########......####
... #......# ...


You could see a sleepcap (contam), a centaur, an orc priest (heavy contam) and 2
orcs.

Vanquished Creatures
  Sigmund (D:4)
  Eustachio (D:3)
  An acid dragon (D:6)
  4 water moccasins (D:6)
  An orc warrior (D:7)
  A sky beast (D:6)
  A black bear (D:4)
  An ice beast (D:6)
  An ogre (D:6)
  3 wights (D:5)
  5 hounds
  3 bombardier beetles
  3 jellies
  7 iguanas
  2 orc wizards
  10 adders
  A shadow imp (D:7)
  A white imp (D:7)
  2 ufetubi
  4 dart slugs
  A ribbon worm (D:3)
  36 orcs
  8 ball pythons
  6 bats
  8 endoplasms
  3 giant cockroaches
  8 goblins
  4 hobgoblins
  3 jackals (D:3)
  9 kobolds
  8 quokkas
  2 frilled lizards (D:2)
  4 rats (D:1)
153 creatures vanquished.

Notes
Turn   | Place    | Note
-------+----------+-------------------------------------------
     0 | D:1      | lordive the Troll Shapeshifter began the quest for the Orb.
     0 | D:1      | Reached XP level 1. HP: 18/18 MP: 0/0
   188 | D:1      | Reached XP level 2. HP: 13/26 MP: 1/1
   909 | D:2      | Reached XP level 3. HP: 21/32 MP: 2/2
   929 | D:2      | Reached skill level 1 in Fighting
  1100 | D:2      | Found Beppanippu's Weapon Shop.
  1415 | D:3      | Reached XP level 4. HP: 29/41 MP: 3/3
  1602 | D:3      | Reached XP level 5. HP: 28/48 MP: 4/4
  1748 | D:3      | Found a faded altar of an unknown god.
  1774 | D:3      | Found a burning altar of Makhleb.
  2194 | D:4      | Noticed Eustachio
  2196 | D:4      | Noticed Sigmund
  2404 | D:3      | Killed Eustachio
  2405 | D:3      | Reached skill level 5 in Unarmed Combat
  2405 | D:3      | Reached skill level 5 in Shapeshifting
  2405 | D:3      | Reached XP level 6. HP: 12/55 MP: 5/5
  2439 | D:4      | Killed Sigmund
  2440 | D:4      | Reached XP level 7. HP: 51/62 MP: 6/6
  2665 | D:4      | Found an opulent altar of Gozag.
  3111 | D:4      | Found a runed translucent door.
  3112 | D:4      | Noticed cdecastro's ghost (novice AtWr)
  3279 | D:5      | Entered Level 5 of the Dungeon
  3320 | D:5      | Found a transporter.
  3339 | D:5      | HP: 1/52 [wight/+3 scimitar (12)]
  3416 | D:5      | Found a transporter.
  3420 | D:5      | Noticed a fire bat
  3420 | D:5      | Noticed a fire bat
  3715 | D:5      | Found a sparkling altar of Nemelex Xobeh.
  4087 | D:6      | Reached XP level 8. HP: 66/72 MP: 7/7
  4245 | D:6      | Found a bloodstained altar of Trog.
  4247 | D:6      | Found an iron altar of Okawaru.
  4279 | D:6      | Became a worshipper of Warmaster Okawaru
  4704 | D:6      | Found a staircase to the Ecumenical Temple.
  4860 | D:6      | Found Viupre's Serpentskin Sales.
  4875 | D:6      | Reached * piety under Okawaru
  4876 | D:6      | Reached skill level 1 in Invocations
  4876 | D:6      | Reached XP level 9. HP: 49/80 MP: 8/8
  4934 | D:6      | Found a white marble altar of Elyvilon.
  4935 | D:6      | Found a glowing silver altar of Zin.
  4936 | D:6      | Found a glowing golden altar of the Shining One.
  5065 | D:6      | Found a snail-covered altar of Cheibriados.
  5359 | D:7      | Found a flagged portal.
  5375 | Bailey   | Entered a bailey
  5573 | Bailey   | Noticed an orc knight
  5573 | Bailey   | Noticed an orc knight
  5636 | D:7      | HP: 4/80 [orc/+0 dagger (2)]
  5636 | D:7      | Slain by an orc priest

Illustrated notes

Levels and vault maps discovered:
D:1:      onia_arrival_pyramid, layout_loops_ring
D:2:      layout_basic, serial_shops, nicolae_shop_tiny_glass,
          kennysheep_big_empty_room
D:3:      minmay_chambers_of_twos, layout_loops_cross,
          nicolae_overflow_crystal_walls, shapermc_ecumenical_altar_notcrosses
D:4:      layout_loops_cross, mainiacjoe_overflow_24_doors,
          gammafunk_ghost_grave, nicolae_eternal_life, minmay_vboxes,
          uniq_eustachio, uniq_sigmund
D:5:      gammafunk_cloud_chamber, layout_basic, nemelex_altar_shiori,
          hangedman_decor_diamond_cutter
D:6:      cheibrodos_two_vegetables, layout_gridville, good_gods_temple_1,
          kennysheep_mini_moat, chequers_temple_overflow_statue_of_worship,
          minmay_temple_entry_gardened_gates, minmay_misc_feat_encased,
          dk_noncrumbling_3, guppyfry_shop_venom
D:7:      layout_gridville, gup_ossuary_entry_pyramid, serial_shops, shop,
          enter_bailey_5, minmay_misc_feat_enclosed, bh_walls_and_bars

Skill      XL: |  1  2  3  4  5  6  7  8 |
---------------+-------------------------+-----
Fighting       | 1 2 |  2.7
Shapeshifting  | 4 5 6 7 |  7.7
Unarmed Combat | 4 5 6 7 |  7.8
Dodging        | 2 3 4 |  4.2
Invocations    | 1 |  1.4

Action                     |  1- 3 |  4- 6 |  7- 9 || total
---------------------------+-------+-------+-------++-------
  Melee: Unarmed           |   102 |    86 |   270 ||   458
 Invoke: Heroism           |       |       |     1 ||     1
    Use: Scroll            |       |       |     4 ||     4
 Armour: Skin              |    46 |    77 |   174 ||   297
  Dodge: Dodged            |    57 |    95 |   212 ||   364
   Form: Flux              |     1 |       |       ||     1
